 Dungeon Crawl Stone Soup version 0.30-a0-940-ge5077277c9 (webtiles) character file.

Game seed: 2383776742765864499

9 Bnni the Digger (level 2, 0/20 HPs)
             Began as a Formicid Earth Elementalist on Mar 26, 2023.
             Frozen to death by an endoplasm (5 damage)
             ... on level 1 of the Dungeon.
             The game lasted 00:00:59 (135 turns).

Bnni the Digger (Formicid Earth Elementalist)        Turns: 135, Time: 00:01:00

Health: 0/20       AC:  3    Str: 12    XL:     2   Next: 20%
Magic:  3/5        EV: 11    Int: 14    God:
Gold:   38         SH:  0    Dex: 14    Spells: 4/5 levels left

rFire   . . .      SeeInvis +    c - +0 trident
rCold   . . .      Faith    .    (no shield)
rNeg    . . .      Spirit   .    e - +0 leather armour
rPois   .          Reflect  .    (helmet unavailable)
rElec   .          Rampage  .    (no cloak)
rCorr   .                        (no gloves)
Will    .....                    (no boots)
Stlth   ++                       (no amulet)
HPRegen 0.23/turn                (no ring)
MPRegen 0.09/turn                (no ring)

@: no status effects
A: permanent stasis, dig shafts and tunnels, antennae 3, four strong arms
a: Dig, Shaft Self


You were on level 1 of the Dungeon.
You visited 1 branch of the dungeon, and saw 1 of its levels.

You collected 38 gold pieces.

Inventory:

Hand Weapons
 c - a +0 trident (weapon)
Armour
 e - a +0 leather armour (worn)
Potions
 d - a potion of lignification {unknown}


   Skills:
 + Level 0.5 Fighting
 - Level 1.7 Dodging
 - Level 2.4 Stealth
 + Level 2.3 Spellcasting
 + Level 1.3 Transmutations
 * Level 3.9 Earth Magic


You had 4 spell levels left.
You knew the following spells:

 Your Spells              Type           Power      Damage    Failure   Level
a - Sandblast             Erth           24%        2d8       6%          1

Your spell library contained the following spells:

 Spells                   Type           Power      Damage    Failure   Level
 Passwall                 Tmut/Erth      7%         N/A       14%         2
 Stone Arrow              Conj/Erth      14%        3d7       36%         3
 Petrify                  Tmut/Erth      9%         N/A       67%         4


Dungeon Overview and Level Annotations

Branches:
Dungeon (1/15)

Altars:


Innate Abilities, Weirdness & Mutations

You cannot be hasted, slowed, berserked, paralysed or teleported.
You can dig through walls and to a lower floor.
You have a pair of large antennae on your head. (SInv)
Your four strong arms can wield two-handed weapons with a shield.


Message History

You barely miss the hobgoblin.
The hobgoblin is severely wounded.
The hobgoblin hits you.
You puncture the hobgoblin!
You kill the hobgoblin!
You closely miss the hobgoblin. The hobgoblin hits you.
* * * LOW HITPOINT WARNING * * *
The hobgoblin barely misses you.
Aiming: Sandblast (safe; 6% risk of failure)
Press: ? - help, Q - select action, (/) - cycle Shift-Dir - straight line, f - hobgoblin
Aim: a hobgoblin (82% to hit)
The blast of sand misses the hobgoblin.
The hobgoblin hits you.
* * * LOW HITPOINT WARNING * * *
Aiming: Sandblast (safe; 6% risk of failure)
Press: ? - help, Q - select action, (/) - cycle Shift-Dir - straight line, f/p - hobgoblin
Aim: a hobgoblin (82% to hit)
The blast of sand hits the hobgoblin.
The hobgoblin is moderately wounded.
An endoplasm comes into view.
The hobgoblin hits you but does no damage.
The hobgoblin closely misses you.
You closely miss the hobgoblin.
The hobgoblin is moderately wounded.
The hobgoblin misses you. Magic courses through your body.
The hobgoblin closely misses you.
Aiming: Sandblast (safe; 6% risk of failure)
Press: ? - help, Q - select action, (/) - cycle Shift-Dir - straight line, f/p - hobgoblin
Aim: a hobgoblin (moderately wounded, 82% to hit)
The blast of sand hits the hobgoblin.
You kill the hobgoblin!
Unknown command.
Aiming: Sandblast (safe; 6% risk of failure)
Press: ? - help, Q - select action, (/) - cycle Shift-Dir - straight line, f - endoplasm
Aim: an endoplasm (98% to hit)
The blast of sand hits the endoplasm.
The endoplasm is almost dead.
The endoplasm freezes you.
You are frozen.
You die...

{ ## . #. .##
.. g.# ..#
###J#....+
#.@##....#
#..##.##...#
## #......#
#......#
#......#
####......#
##
#.........###
#.
#...........#
#.
#....[#####.#
#.


You could see an endoplasm and a hobgoblin.

Vanquished Creatures
  3 goblins (D:1)
  2 hobgoblins (D:1)
  A ball python (D:1)
  A kobold (D:1)
  A rat (D:1)
8 creatures vanquished.

Notes
Turn   | Place    | Note
-------+----------+-------------------------------------------
     0 | D:1      | Bnni the Formicid Earth Elementalist began the quest for
                  | the Orb.
     0 | D:1      | Reached XP level 1. HP: 13/13 MP: 3/3
   121 | D:1      | Reached XP level 2. HP: 11/20 MP: 0/5
   135 | D:1      | Frozen to death by an endoplasm

Illustrated notes

Levels and vault maps discovered:
D:1:      lemuel_arrival_room, layout_basic, minmay_pentomino_r4

Action                     || total
---------------------------++-------
  Melee: Trident           ||    16
   Cast: Sandblast         ||     8
    Use: Potion            ||     1
 Armour: Leather armour    ||     7
  Dodge: Dodged            ||    11

Table legend: (Time is in decaauts)
 A = Elapsed time spent in this place.
 B = Non-inter-level travel time spent in this place.
 C = Inter-level travel time spent in this place.
 D = Time resting spent in this place.
 E = Time spent auto-exploring this place.
 F = Levels seen in this place.
 G = Mean time per level.
                   A        B        C        D        E       F      G
               +--------+--------+--------+--------+--------+-----+--------+
         Total |    142 |    142 |      0 |      0 |     67 |   1 |  142.0 |
       Dungeon |    142 |    142 |      0 |      0 |     67 |   1 |  142.0 |
               +--------+--------+--------+--------+--------+-----+--------+

Top non-repeatable levels by time:
     D:1: 142 daAuts
